 Dungeon Crawl Stone Soup version 0.28.0 (webtiles) character file.

Game seed: 7850212728356199906

12226 iguanaiguana the Arsonist (level 11, -7/67 HPs)
             Began as a Gargoyle Cinder Acolyte on Feb 9, 2022.
             Was a Believer of Ignis.
             Mangled by a six-headed hydra (8 damage)
             ... on level 1 of the Lair of Beasts.
             The game lasted 00:48:20 (17065 turns).

iguanaiguana the Arsonist (GrCA)                   Turns: 17065, Time: 00:48:20

Health: -7/67      AC: 18    Str: 18    XL:     11   Next: 90%
Magic:  8/14       EV: 12    Int: 19    God:    Ignis [**....]
Gold:   759        SH:  0    Dex:  5    Spells: 0/14 levels left

rFire   + . .      SeeInvis .   I - +7 staff of the Meek {protect, meekguard}
rCold   . . .      Faith    .   (shield currently unavailable)
rNeg    + . .      Spirit   .   q - +0 leather armour
rPois   ∞          Reflect  .   w - +0 helmet
rElec   +          Harm     .   j - +1 cloak
rCorr   .          Rampage  .   C - +2 pair of gloves
Will    +....                   (no boots)
Stlth   +.........              (no amulet)
HPRegen 0.21/turn               A - ring of willpower
MPRegen 0.14/turn               (no ring)

@: invisible
A: sickness immunity, AC +8, negative energy resistance 1, electricity
resistance, torment resistance 1, petrification resistance
a: Renounce Religion, Fiery Armour, Foxfire Swarm


You were on level 1 of the Lair of Beasts.
You worshipped Ignis.
Ignis was pleased with you.
You visited 3 branches of the dungeon, and saw 12 of its levels.

You collected 759 gold pieces.

Inventory:

Hand Weapons
 a - a -1 mace of flaming
 b - a +2 dagger of venom
 l - a +0 rapier
 H - a +2 quarterstaff of holy wrath
 I - the +7 staff of the Meek (weapon) {protect, meekguard}
   (You found it on level 7 of the Dungeon)

   It grants its wielder temporary protection when it strikes (+7 to AC).
   It provides extra protection to wielders with little health.
Missiles
 h - 35 poisoned darts (quivered)
Armour
 j - a +1 cloak (worn)
 k - a +0 chain mail
 q - a +0 leather armour (worn)
 w - a +0 helmet (worn)
 C - a +2 pair of gloves (worn)
Magical Staves
 M - a staff of fire
Jewellery
 s - the ring "Acieharph" {rElec rPois Str-4 SInv}
   (You found it on level 4 of the Dungeon)

   [ring of see invisible]

   Str:       It affects your strength (-4).
   rElec:     It insulates you from electricity.
   rPois:     It protects you from poison.
   SInv:      It lets you see invisible.
 A - a ring of willpower (left hand)
 Q - an amulet of guardian spirit
Wands
 o - a wand of acid (4) {@v1}
 r - a wand of paralysis (4)
 E - a wand of flame (5)
 K - a wand of charming (12)
 O - a wand of iceblast (5) {@v2}
Scrolls
 c - 4 scrolls of amnesia
 i - 2 scrolls of enchant weapon
 t - a scroll of vulnerability
 u - a scroll of torment {unknown}
 v - a scroll of enchant armour
 x - 2 scrolls of magic mapping {@r5}
 D - 2 scrolls of fog
 G - a scroll of noise {unknown}
Potions
 e - 2 potions of mutation
 f - a potion of flight
 g - 2 potions of heal wounds {@q2}
 m - 2 potions of degeneration
 n - a potion of cancellation
 p - 3 potions of lignification
 z - a potion of ambrosia
 J - a potion of brilliance {unknown}
 N - a potion of berserk rage {unknown}
Miscellaneous
 P - a phantom mirror


   Skills:
 + Level 7.3 Fighting
 - Level 3.4 Maces & Flails
 + Level 6.1 Armour
 + Level 4.6 Dodging
 - Level 2.0 Spellcasting
 * Level 10.0 Conjurations
 - Level 2.0 Hexes
 * Level 11.1 Fire Magic
 - Level 2.0 Air Magic
 + Level 4.2 Earth Magic
 - Level 4.0 Poison Magic


You couldn't memorise any spells.
You knew the following spells:

 Your Spells              Type           Power      Damage    Failure   Level
a - Foxfire               Conj/Fire      100%       2x1d9     1%          1
b - Scorch                Fire           88%        2d9       1%          2
c - Inner Flame           Hex/Fire       26%        N/A       4%          3
d - Mephitic Cloud        Conj/Pois/Air  22%        N/A       6%          3
e - Fireball              Conj/Fire      21%        3d10      7%          5

Your spell library contained the following spells:

 Spells                   Type           Power      Damage    Failure   Level
 Conjure Flame            Conj/Fire      42%        6-21      1%          3
 Flame Wave               Conj/Fire      42%        2d9       2%          4
 Dazzling Flash           Conj/Hex       48%        N/A       4%          3
 Ignite Poison            Fire/Tmut/Pois 21%        N/A       8%          3
 Iskenderun's Battlesphe  Conj           40%        2d9       9%          5
 Apportation              Tloc           2%         N/A       19%         1
 Tukima's Dance           Hex            9%         N/A       26%         3
 Gell's Gravitas          Tloc           1%         N/A       50%         3
 Lesser Beckoning         Tloc           1%         N/A       50%         3
 Ozocubu's Armour         Ice            1%         N/A       50%         3
 Teleport Other           Tloc           1%         N/A       50%         3
 Animate Armour           Summ/Erth      18%        N/A       63%         4
 Freezing Cloud           Conj/Ice/Air   8%         6-21      71%         5
 Iron Shot                Conj/Erth      14%        9d4       85%         6
 Passage of Golubria      Tloc           1%         N/A       88%         4
 Alistair's Intoxication  Tmut/Pois      6%         N/A       93%         5
 Silence                  Hex/Air        4%         N/A       93%         5
 Conjure Ball Lightning   Conj/Air       12%        3x3d6     94%         6
 Orb of Destruction       Conj           20%        9d8       95%         7
 Metabolic Englaciation   Hex/Ice        2%         N/A       98%         5
 Yara's Violent Unravell  Hex/Tmut       2%         3d3       98%         5
 Agony                    Necr           1%         N/A       99%         5
 Blade Hands              Tmut           0%         N/A       99%         5
 Simulacrum               Ice/Necr       0%         N/A       100%        6


Dungeon Overview and Level Annotations

Branches:
Dungeon (10/15)            Temple (1/1) D:5            Lair (1/6) D:10
    Orc: D:9-12

Altars:
Ashenzari
Cheibriados
Dithmenos
Elyvilon
Fedhas
Gozag
Hepliaklqana
Kikubaaqudgha
Makhleb
Nemelex Xobeh
Okawaru
Qazlal
Ru
Sif Muna
Trog
Uskayaw
Vehumet
Wu Jian
Xom
Yredelemnul
Zin
The Shining One
Beogh

Annotations:
D:3 2 transporters, dang3rdave's ghost, amateur GrCA
D:9 1 runed translucent door, exclusion: downstairs


Innate Abilities, Weirdness & Mutations

You are immune to sickness and miasma.
Your stone body is resilient. (AC +8)
You are immune to poison.
You resist negative energy. (rN+)
You are resistant to electric shocks. (rElec)
You are resistant to unholy torment.
You are immune to petrification.


Message History

The yak barely misses you. The yak closely misses you.
The wolf closely misses you. The wolf barely misses you.
As you read the scroll of summoning, it crumbles to dust.
Wisps of shadow whirl around you... The wolf bites you but does no damage.
The yak barely misses you. The wolf barely misses you.
The six-headed hydra closely misses you.
The six-headed hydra bites you. x2
* * * LOW HITPOINT WARNING * * *
The six-headed hydra bites you but does no damage.
The six-headed hydra barely misses you.
The six-headed hydra bites you but does no damage.
The wolf bites you but does no damage.
A six-headed hydra comes into view.
The wolf bites your water moccasin.
You swap places.
The wolf bites you but does no damage. x3
The yak closely misses your water moccasin.
The six-headed hydra closely misses you.
The six-headed hydra misses you.
The six-headed hydra bites you but does no damage. x2
The six-headed hydra bites you!
* * * LOW HITPOINT WARNING * * *
The six-headed hydra bites you but does no damage.
The wolf bites you but does no damage. x2
Your cane toad stings the wolf but does no damage.
Your rime drake closely misses the yak.
The wolf bites you but does no damage. The wolf bites you but does no damage.
The wolf barely misses you.
Your water moccasin barely misses the wolf.
Your rime drake bites the wolf.
The wolf bites you but does no damage.
You fade into invisibility!
The wolf barely misses you.
Your water moccasin closely misses the wolf.
The wolf misses your water moccasin. The yak gores your cane toad!
The wolf closely misses you.
Your rime drake bites the wolf.
Your cane toad barely misses the yak.
The wolf misses you.
A water moccasin comes into view.
The yak gores your rime drake. The six-headed hydra bites you!
* * * LOW HITPOINT WARNING * * *
The six-headed hydra bites you but does no damage. x2
The six-headed hydra bites you!
You die...

..Y......P..
#.Y.....D#..
+........S.. .
##.#...Y....#
.
#...Y..Y....+
.
#.####Y#..##.
#+
#...FYhk......
#.
#...hDS.......
..
#...@h........
..
#.............
.
#.............
.
#.............
#
#.#.#######...
#.#. #. . #.
## #. .+


You could see 2 six-headed hydras, 4 yaks, a water moccasin, 3 wolves, a
friendly cane toad (summoned), a friendly rime drake (summoned) and a friendly
water moccasin (summoned).

Vanquished Creatures
  3 two-headed ogres
  2 death yaks (D:10)
  Psyche (D:8)
  3 kobold demonologists (D:10)
  16 yaks
  2 wyverns (D:8)
  Eustachio (D:5)
  A steam dragon (D:8)
  A water moccasin (D:5)
  A sky beast (D:6)
  6 orc warriors
  2 black bears (D:5)
  A hornet zombie (D:5)
  A necrophage (D:8)
  4 ogres
  3 wolves (Lair:1)
  7 centaurs
  2 phantoms
  3 kobold brigands
  4 bullfrogs
  12 scorpions
  A wyvern skeleton (D:5)
  2 killer bees (D:9)
  3 wights (D:8)
  A howler monkey (D:9)
  2 centaur zombies (D:8)
  A bullfrog zombie (D:5)
  A gnoll shaman (D:6)
  5 orc priests
  3 hounds
  3 jellies
  A centaur skeleton (D:4)
  4 iguanas
  Natasha (thrice) (D:3)
  A hell rat (D:10)
  4 orc wizards
  A howler monkey zombie (D:9)
  18 gnolls
  6 adders
  2 river rats (D:10)
  A shadow imp (D:6)
  2 white imps
  3 ufetubi
  3 dart slugs
  A worm (D:2)
  25 orcs
  8 ball pythons
  6 endoplasms
  5 giant cockroaches
  2 goblins (D:4)
  9 hobgoblins
  2 jackals (D:4)
  49 kobolds
  5 quokkas
  6 bats
  5 frilled lizards
  A jackal skeleton (D:4)
  7 rats
  3 butterflies (D:9)
281 creatures vanquished.

Vanquished Creatures (collateral kills)
  A cane toad (Lair:1)
  A foxfire (D:8)
2 creatures vanquished.

Vanquished Creatures (others)
  1001 foxfires
  30 fungi
  13 plants
  2 withered plants (D:8)
1046 creatures vanquished.

Grand Total: 1329 creatures vanquished

Notes
Turn   | Place    | Note
-------+----------+-------------------------------------------
     0 | D:1      | iguanaiguana the Gargoyle Cinder Acolyte began the quest
                  | for the Orb.
     0 | D:1      | Reached XP level 1. HP: 14/14 MP: 2/2
   332 | D:1      | Reached XP level 2. HP: 19/19 MP: 3/3
   958 | D:1      | Reached XP level 3. HP: 23/23 MP: 5/5
  1295 | D:1      | Found a faded altar of an unknown god.
  2050 | D:2      | Learned a level 1 spell: Foxfire
  2452 | D:3      | Noticed dang3rdave's ghost (amateur GrCA)
  2454 | D:3      | Found a transporter.
  2455 | D:3      | Identified the +8 dire flail of Coirumm {antimagic, rElec}
  2455 | D:3      | Noticed an ogre
  2455 | D:3      | Noticed an ogre
  2620 | D:3      | Reached XP level 4. HP: 29/29 MP: 6/6
  2964 | D:3      | Reached skill level 1 in Conjurations
  2966 | D:3      | Noticed Natasha
  2973 | D:3      | Killed Natasha
  2974 | D:3      | Reached skill level 4 in Fire Magic
  3395 | D:3      | Noticed Natasha
  3403 | D:3      | Killed Natasha
  3404 | D:3      | Reached XP level 5. HP: 33/33 MP: 2/8
  3525 | D:3      | Found a transporter.
  3533 | D:3      | Found a transporter.
  4123 | D:3      | Noticed Natasha
  4139 | D:3      | Killed Natasha
  4334 | D:4      | Reached XP level 6. HP: 38/38 MP: 3/9
  4394 | D:4      | Identified the ring "Acieharph" {rElec rPois Str-4 SInv}
  4482 | D:4      | Reached skill level 1 in Hexes
  4482 | D:4      | Reached skill level 5 in Fire Magic
  4968 | D:4      | Found a snail-covered altar of Cheibriados.
  5412 | D:4      | Reached XP level 7. HP: 42/42 MP: 4/10
  5669 | D:4      | Reached skill level 6 in Fire Magic
  6930 | D:5      | Entered Level 5 of the Dungeon
  6930 | D:5      | Found a basalt altar of Yredelemnul.
  6988 | D:5      | Reached skill level 7 in Fire Magic
  6988 | D:5      | Reached XP level 8. HP: 30/48 MP: 0/11
  7074 | D:4      | Learned a level 2 spell: Scorch
  7078 | D:4      | Learned a level 3 spell: Inner Flame
  7143 | D:5      | Reached skill level 8 in Fire Magic
  7374 | D:5      | Found a staircase to the Ecumenical Temple.
  7394 | D:5      | Noticed Eustachio
  7401 | D:5      | Killed Eustachio
  7402 | D:5      | Reached skill level 9 in Fire Magic
  7777 | D:5      | Reached skill level 10 in Fire Magic
  7981 | D:5      | Reached XP level 9. HP: 31/52 MP: 9/12
  8124 | D:5      | Found a bloodstained altar of Trog.
  8297 | Temple   | Entered the Ecumenical Temple
  8560 | D:5      | Reached skill level 1 in Air Magic
  8560 | D:5      | Reached skill level 1 in Poison Magic
  8797 | D:6      | Reached skill level 1 in Armour
  9050 | D:6      | Reached skill level 1 in Dodging
  9219 | D:6      | Found the +7 Singing Sword {vorpal, sonic wave}
  9362 | D:6      | Found an opulent altar of Gozag.
  9594 | D:6      | Learned a level 3 spell: Mephitic Cloud
  9661 | D:6      | Reached skill level 5 in Conjurations
 10415 | D:7      | You fall into a shaft and drop 3 floors!
 10415 | D:10     | Entered Level 10 of the Dungeon
 10515 | D:9      | Noticed a two-headed ogre
 11806 | D:7      | Found the +7 staff of the Meek {protect, meekguard}
 11963 | D:7      | Reached XP level 10. HP: 58/58 MP: 13/13
 12007 | D:7      | Reached skill level 5 in Fighting
 12077 | D:8      | Found an iron altar of Okawaru.
 12077 | D:8      | Found a stormy altar of Qazlal.
 12078 | D:8      | Found an ancient bone altar of Kikubaaqudgha.
 12078 | D:8      | Noticed Psyche
 12082 | D:8      | Killed Psyche
 13107 | D:8      | Noticed a two-headed ogre
 13117 | D:8      | Killed a two-headed ogre
 13442 | D:8      | Found a sacrificial altar of Ru.
 13702 | D:9      | Found a runed translucent door.
 13704 | D:9      | Found a runed translucent door.
 13746 | D:9      | Reached skill level 1 in Earth Magic
 14110 | D:9      | Found a hide-covered altar of Uskayaw.
 14166 | D:9      | Killed a two-headed ogre
 14167 | D:9      | Reached skill level 5 in Armour
 14167 | D:9      | Reached XP level 11. HP: 66/66 MP: 3/14
 15163 | D:10     | Noticed a sixfirhy
 15398 | D:10     | Noticed a two-headed ogre
 15408 | D:10     | Killed a two-headed ogre
 15458 | D:10     | Noticed a death yak
 15464 | D:10     | Noticed a death yak
 15477 | D:10     | Killed a death yak
 15481 | D:10     | Noticed a death yak
 15951 | D:10     | Found a sparkling altar of Nemelex Xobeh.
 16085 | D:10     | Found a radiant altar of Vehumet.
 16194 | D:10     | Killed a death yak
 16377 | D:10     | Found a staircase to the Lair.
 16635 | Lair:1   | Entered Level 1 of the Lair of Beasts
 16662 | Lair:1   | Found a bloodstained altar of Trog.
 16762 | Lair:1   | Learned a level 5 spell: Fireball
 16969 | Lair:1   | Reached skill level 11 in Fire Magic
 17013 | Lair:1   | Reached skill level 10 in Conjurations
 17060 | Lair:1   | Noticed a six-headed hydra
 17062 | Lair:1   | Noticed a six-headed hydra
 17065 | Lair:1   | HP: 1/67 [six-headed hydra (10)]
 17065 | Lair:1   | Mangled by a six-headed hydra

Illustrated notes

Levels and vault maps discovered:
D:1:      amcnicky_arrival_feature_with_door, layout_loops_corners,
          dreamdust_ecumenical_altar_grove, serial_bayou_ford_a,
          minmay_pentomino_t2
D:2:      layout_loops_ring
D:3:      layout_loops_cross, gammafunk_ghost_smash, st_stairs_10, uniq_natasha
D:4:      minmay_goblin_kobold_castle, layout_gridville,
          mainiacjoe_overflow_small_starburst
D:5:      layout_cave_pools, yredelemnul_altar_generic, marbit_many_paths,
          minmay_temple_entry_gardened_gates, uniq_eustachio
D:6:      old_forge, layout_loops_ring, nicolae_gozag_seed_capital,
          roderic_filled_cross
D:7:      layout_cave_pods, corexii_checkpoint_a, pf_guarded_unrand_meek
D:8:      layout_rooms, nicolae_ru_the_path_less_chosen,
          chequers_temple_overflow_statue_of_worship, serial_undead,
          serial_undead_e, serial_undead_b, serial_undead_a, serial_undead_f,
          uniq_psyche
D:9:      lemuel_insect_pit, layout_stronghold, lemuel_doored_altar
D:10:     layout_basic, nemelex_xobeh_ov_fountains_minmay, vehumet_crystals,
          dpeg_lair_monsters
Temple:   minmay_temple_curvy_loop
Lair:1:   layout_regular_city, basic_altar, grunt_megastairs_5

Skill      XL: |  1  2  3  4  5  6  7  8  9 10 11 |
---------------+----------------------------------+-----
Spellcasting   | 2 |  2.0
Conjurations   | 1 2 3 4 6 8 10 | 10.0
Fire Magic     | 4 5 7 10 11 | 11.1
Hexes          | 2 |  2.0
Air Magic      | 2 |  2.0
Poison Magic   | 3 4 |  4.0
Fighting       | 4 6 7 |  7.3
Armour         | 2 5 6 |  6.1
Dodging        | 2 3 4 |  4.6
Earth Magic    | 2 4 |  4.2
Maces & Flails | |  3.4

Action                   |  1- 3 |  4- 6 |  7- 9 | 10-12 || total
-------------------------+-------+-------+-------+-------++-------
Melee: Mace              |   126 |    47 |    10 |       ||   183
       Punch             |     1 |       |       |     1 ||     2
       Quarterstaff      |       |       |     7 |    50 ||    57
       Dagger            |       |       |     2 |       ||     2
       Staff             |       |       |       |    34 ||    34
Throw: Dart              |     5 |     1 |    10 |    20 ||    36
 Cast: Foxfire           |       |    72 |   322 |   189 ||   583
       Inner Flame       |       |       |    25 |    37 ||    62
       Mephitic Cloud    |       |       |     1 |     8 ||     9
       Fireball          |       |       |       |     5 ||     5
       Scorch            |       |       |       |     3 ||     3
Invok: Foxfire Swarm     |       |     1 |       |     2 ||     3
       Fiery Armour      |       |     1 |     1 |     2 ||     4
       Rising Flame      |       |       |     1 |       ||     1
Evoke: Wand              |       |       |       |     2 ||     2
  Use: Scroll            |       |       |     9 |    15 ||    24
       Potion            |       |       |     1 |     3 ||     4
 Stab: Paralysed         |       |       |       |     4 ||     4
Armor: Robe              |    25 |    22 |       |       ||    47
       Chain mail        |    23 |       |       |       ||    23
       Leather armour    |       |       |    63 |   125 ||   188
Dodge: Dodged            |    69 |    33 |    83 |   159 ||   344
